[Event "Titled Tuesday Blitz January 18 2022"]
[White "Nenezic, Marko"]
[Black "Babazada, Khazar"]
[WhiteFideId "912123"]
[BlackFideId "13413554"]
[WhiteElo "2484"]
[BlackElo "2418"]
[Result "0-1"]
[Round "04"]
[TimeControl "180+1"]
[Date "2022.01.18"]
[WhiteClock "0:00:45"]
[BlackClock "0:01:06"]

1. Nf3 c5 2. c4 Nc6 3. d4 cxd4 4. Nxd4 e5 5. Nb5 d6 6. N1c3 a6 7. Na3 Nf6 8. g3 Be7 9. Bg2 O-O 10. O-O Be6 11. Bg5 Qd7 12. Bxf6 Bxf6 13. Nd5 Bd8 14. Rc1 Ba5 15. Nc2 Rac8 16. a3 Kh8 17. b4 Bd8 18. Qd2 f5 19. f4 Qe8 20. Kh1 Qh5 21. e3 Bxd5 22. Bxd5 Bb6 23. Rce1 Qg6 24. Qg2 e4 25. h3 Rc7 26. g4 Ne7 27. gxf5 Qxg2+ 28. Kxg2 Nxd5 0-1


[Site "https://www.chess.com"]

[Event "Titled Tuesday Blitz January 18 2022"]
[White "Nesterov, Arseniy"]
[Black "Kalashian, David"]
[WhiteFideId "24198455"]
[BlackFideId "13302418"]
[WhiteElo "2489"]
[BlackElo "2490"]
[Result "0-1"]
[Round "04"]
[TimeControl "180+1"]
[Date "2022.01.18"]
[WhiteClock "0:00:07"]
[BlackClock "0:00:19"]

1. d4 Nf6 2. c4 g6 3. Nc3 Bg7 4. e4 d6 5. Be2 O-O 6. Be3 e5 7. d5 Ne8 8. g4 f5 9. gxf5 gxf5 10. exf5 Bxf5 11. Nf3 Nd7 12. Rg1 Kh8 13. Ng5 Nc5 14. Bxc5 dxc5 15. Bd3 e4 16. Bxe4 Qe7 17. Qe2 Nd6 18. Bxf5 Qxe2+ 19. Kxe2 Rxf5 20. Ne6 Bd4 21. Rg2 Nxc4 22. Nb5 c6 23. Nbc7 Rg8 24. Rag1 Rxg2 25. Rxg2 cxd5 26. b3 Nd6 27. Nxd4 cxd4 28. Rg4 Ne4 29. Nxd5 Re5 0-1


[Site "https://www.chess.com"]

[Event "Titled Tuesday Blitz January 18 2022"]
[White "Onyshchuk, Volodymyr"]
[Black "Concio, Michael Jr."]
[WhiteFideId "14114038"]
[BlackFideId "5217873"]
[WhiteElo "2642"]
[BlackElo "1896"]
[Result "1-0"]
[Round "04"]
[TimeControl "180+1"]
[Date "2022.01.18"]
[WhiteClock "0:01:17"]
[BlackClock "0:00:02"]

1. g3 Nf6 2. Bg2 g6 3. d3 Bg7 4. Nd2 O-O 5. e3 c6 6. Ne2 d6 7. O-O Na6 8. a3 Nc7 9. Rb1 e5 10. b3 d5 11. Bb2 Re8 12. h3 b6 13. Ra1 Bb7 14. Qb1 Qd7 15. Qa2 h6 16. Rae1 Rad8 17. Qa1 Qd6 18. f4 Nd7 19. f5 g5 20. f6 Bxf6 21. g4 Bg7 22. Ng3 f6 23. Nf5 Qf8 24. Rf2 Nc5 25. Nf1 N5e6 26. N1g3 Ba8 27. Ref1 Bh8 28. Nh5 c5 29. Nfg3 d4 30. Bxa8 Rxa8 31. Rxf6 Bxf6 32. Rxf6 Qxf6 33. Nxf6+ Kh8 34. Nxe8 Rxe8 35. Qf1 Rf8 36. Qg2 dxe3 37. Bxe5+ Kg8 38. Qe4 Rf7 39. Qg6+ Kf8 40. Nf5 e2 41. Kf2 Nd5 42. Bd6+ 1-0


[Site "https://www.chess.com"]

[Event "Titled Tuesday Blitz January 18 2022"]
[White "Oparin, Grigoriy"]
[Black "Samunenkov, Ihor"]
[WhiteFideId "24125890"]
[BlackFideId "14187086"]
[WhiteElo "2685"]
[BlackElo "2406"]
[Result "1-0"]
[Round "04"]
[TimeControl "180+1"]
[Date "2022.01.18"]
[WhiteClock "0:00:20"]
[BlackClock "0:00:04"]

1. b3 c5 2. Bb2 Nc6 3. e3 e5 4. Bb5 Nge7 5. Nf3 e4 6. Ng5 d5 7. Qh5 Ng6 8. c4 h6 9. Nxf7 Kxf7 10. cxd5 Nb4 11. O-O Qg5 12. Qxg5 hxg5 13. Nc3 Bd6 14. h3 Be5 15. f3 exf3 16. Rxf3+ Ke7 17. a3 Na6 18. Raf1 Rf8 19. Rxf8 Nxf8 20. d6+ Bxd6 21. Nd5+ Kd8 22. Bxg7 Bd7 23. Bxa6 Ne6 24. Bf6+ Ke8 25. Bd3 Bc6 26. Rf5 Kd7 27. Bc3 Rf8 28. Nf6+ Ke7 29. Nd5+ Kd7 30. Rxf8 Bxf8 31. Bf5 Bxd5 32. b4 cxb4 33. axb4 Kd6 34. e4 Bc4 35. d4 Bg7 36. Bxe6 Bxe6 37. Kf2 b5 38. Ke3 g4 39. hxg4 Bxg4 40. Be1 Bh6+ 41. Kd3 Be6 42. Bg3+ Ke7 43. d5 Bg4 44. e5 Kd7 45. Bf2 Bf8 46. Bc5 Be7 47. Kd4 Bf5 48. e6+ Ke8 49. Bxe7 Kxe7 50. Ke5 Bg4 51. d6+ Ke8 52. Kd5 Kd8 53. Ke5 Ke8 54. Kf6 a6 55. d7+ Kd8 56. Kf7 Bh5+ 57. Kf8 Bg6 58. g4 a5 59. bxa5 b4 60. a6 b3 61. a7 b2 62. a8=Q+ Kc7 63. Qc8+ 1-0


[Site "https://www.chess.com"]

[Event "Titled Tuesday Blitz January 18 2022"]
[White "Ozer, Omer Faruk"]
[Black "Vargas, Gabriela"]
[WhiteFideId "6354564"]
[BlackFideId "3700860"]
[WhiteElo "2050"]
[BlackElo "2110"]
[Result "1-0"]
[Round "04"]
[TimeControl "180+1"]
[Date "2022.01.18"]
[WhiteClock "0:01:45"]
[BlackClock "0:00:50"]

1. e4 Nf6 2. e5 Nd5 3. d4 d6 4. c4 Nb6 5. exd6 cxd6 6. Nc3 g6 7. a4 Bg7 8. a5 N6d7 9. Ra3 O-O 10. Nf3 Nc6 11. d5 Nce5 12. Nxe5 Nxe5 13. Be2 e6 14. O-O exd5 15. Nxd5 Be6 16. Be3 Nc6 17. Qd2 Re8 18. b3 Bxd5 19. Qxd5 Ne7 20. Qxb7 d5 21. Bxa7 d4 22. Bf3 Qd6 23. c5 Qf4 24. Ra4 Rxa7 25. Qxa7 Be5 26. g3 Qxf3 27. Qd7 Kf8 28. a6 Nf5 29. a7 d3 30. Qxe8+ Kxe8 31. a8=Q+ Qxa8 32. Rxa8+ Kd7 33. Rd1 1-0


[Site "https://www.chess.com"]

[Event "Titled Tuesday Blitz January 18 2022"]
[White "Padmini, Rout"]
[Black "Willow, Jonah B"]
[WhiteFideId "5029295"]
[BlackFideId "438804"]
[WhiteElo "2181"]
[BlackElo "2261"]
[Result "1-0"]
[Round "04"]
[TimeControl "180+1"]
[Date "2022.01.18"]
[WhiteClock "0:00:18"]
[BlackClock "0:00:50"]

1. d4 Nf6 2. c4 e6 3. Nf3 c5 4. e3 cxd4 5. exd4 d5 6. Nc3 Be7 7. cxd5 exd5 8. Bd3 O-O 9. O-O Nc6 10. h3 h6 11. a3 Re8 12. Bf4 Bd6 13. Bxd6 Qxd6 14. Re1 Be6 15. Qd2 a6 16. Re2 Rac8 17. Rae1 Red8 18. Bb1 Na5 19. Ne5 Nc4 20. Qd3 Qb6 21. Na4 Qa5 22. Nc5 Nxe5 23. dxe5 Ne4 24. Nxe4 dxe4 25. Qxe4 g6 26. Qh4 Rd2 27. Qxh6 Rxe2 28. Rxe2 Qb5 29. Bxg6 fxg6 30. Qxg6+ Kf8 31. Qxe6 Rc1+ 32. Kh2 Qxe2 33. Qh6+ Ke8 34. Qxc1 Qxf2 35. Qc3 Qf4+ 36. Qg3 Qd2 37. b4 Qc1 38. Qg6+ Ke7 39. Qd6+ Ke8 40. e6 Qf1 41. Qd7+ Kf8 42. e7+ 1-0


[Site "https://www.chess.com"]

[Event "Titled Tuesday Blitz January 18 2022"]
[White "Pakleza, Zbigniew"]
[Black "Maghsoodloo, Parham"]
[WhiteFideId "1119290"]
[BlackFideId "12539929"]
[WhiteElo "2467"]
[BlackElo "2630"]
[Result "0-1"]
[Round "04"]
[TimeControl "180+1"]
[Date "2022.01.18"]
[WhiteClock "0:00:29"]
[BlackClock "0:00:11"]

1. d4 Nf6 2. Nf3 d5 3. Bf4 e6 4. e3 Bd6 5. Bg3 c5 6. c3 O-O 7. Nbd2 b6 8. Ne5 Ba6 9. Bxa6 Nxa6 10. Bh4 Nc7 11. Bxf6 gxf6 12. Nef3 f5 13. O-O Ne8 14. c4 Nf6 15. Rc1 Rc8 16. Qa4 Qe7 17. Rfd1 Rfd8 18. g3 Qd7 19. Qb3 Qb7 20. dxc5 Bxc5 21. cxd5 Nxd5 22. Nc4 Bf8 23. Nce5 Bg7 24. Nd3 Nc3 25. bxc3 Qxf3 26. c4 h5 27. h4 Bf6 28. Nf4 Be5 29. Ng2 Kh7 30. Rd3 Qe4 31. Rxd8 Rxd8 32. Qc2 Qf3 33. Nf4 Bxf4 34. exf4 Qe4 35. c5 Qxc2 36. Rxc2 bxc5 37. Rxc5 Kg6 38. Rc7 a5 39. Rc5 Rd5 40. Rxd5 exd5 41. f3 Kf6 42. Kf2 d4 43. Ke2 Ke6 44. Kd3 Kd5 45. Ke2 Kc4 46. g4 fxg4 47. fxg4 hxg4 48. h5 d3+ 49. Ke3 g3 50. h6 g2 51. Kf2 g1=Q+ 52. Kxg1 d2 53. h7 d1=Q+ 0-1


[Site "https://www.chess.com"]

[Event "Titled Tuesday Blitz January 18 2022"]
[White "Panesar Vedant"]
[Black "Koziorowicz, Michal"]
[WhiteFideId "35033018"]
[BlackFideId "21809194"]
[WhiteElo "1971"]
[BlackElo "2166"]
[Result "1/2-1/2"]
[Round "04"]
[TimeControl "180+1"]
[Date "2022.01.18"]
[WhiteClock "0:00:17"]
[BlackClock "0:01:10"]

1. d4 f5 2. g3 Nf6 3. Bg2 e6 4. Nf3 d5 5. O-O Bd6 6. c4 c6 7. b3 Qe7 8. a4 a5 9. Ba3 Na6 10. Ne5 Nb4 11. Nd2 O-O 12. Ndf3 Ne4 13. c5 Bc7 14. Nd3 Na6 15. Nfe5 Bd7 16. f3 Nf6 17. Bc1 Be8 18. Bd2 Nd7 19. Bf4 Bh5 20. Qd2 Nxe5 21. Bxe5 Rfb8 22. Rfb1 Bg6 23. Bxc7 Qxc7 24. Ne5 Be8 25. Nd3 b6 26. Qe3 Bf7 27. cxb6 Qxb6 28. Ne5 Ra7 29. Rc1 Rc7 30. Rc3 Rbc8 31. Rac1 Nb4 32. Rc5 Na6 33. R5c3 Nb4 34. Rc5 Na6 35. R5c3 1/2-1/2


[Site "https://www.chess.com"]

[Event "Titled Tuesday Blitz January 18 2022"]
[White "Papp, Petra"]
[Black "Rozen, Eytan"]
[WhiteFideId "739049"]
[BlackFideId "2816750"]
[WhiteElo "2259"]
[BlackElo "2115"]
[Result "1-0"]
[Round "04"]
[TimeControl "180+1"]
[Date "2022.01.18"]
[WhiteClock "0:00:03"]
[BlackClock "0:00:01"]

1. d4 d6 2. e4 Nf6 3. Nc3 e5 4. Nf3 Nc6 5. Bb5 exd4 6. Nxd4 Bd7 7. Bxc6 bxc6 8. O-O Be7 9. h3 O-O 10. Re1 c5 11. Nf3 Bc6 12. e5 Nd7 13. exd6 cxd6 14. Nd5 Bxd5 15. Qxd5 Nb6 16. Qe4 Bf6 17. c4 Re8 18. Qc2 Qd7 19. Bg5 Rxe1+ 20. Rxe1 Re8 21. Rxe8+ Qxe8 22. Bxf6 gxf6 23. b3 Qe6 24. Qd3 Nd7 25. Nd2 Ne5 26. Qg3+ Kf8 27. Qh4 Ng6 28. Qxh7 Qe1+ 29. Nf1 Qe2 30. Qh6+ Kg8 31. Qd2 Qe5 32. Ne3 Nf4 33. Ng4 Qa1+ 34. Kh2 Ng6 35. Qxd6 Qxa2 36. Qxf6 Qd2 37. Qf5 Nf4 38. Qg5+ Kf8 39. Qh6+ Ke8 40. Nf6+ Kd8 41. Nd5 Qxf2 42. Qxf4 1-0


[Site "https://www.chess.com"]

[Event "Titled Tuesday Blitz January 18 2022"]
[White "Perez Ponsa, Federico"]
[Black "Girya, Olga"]
[WhiteFideId "117927"]
[BlackFideId "4195752"]
[WhiteElo "2672"]
[BlackElo "2275"]
[Result "1-0"]
[Round "04"]
[TimeControl "180+1"]
[Date "2022.01.18"]
[WhiteClock "0:00:19"]
[BlackClock "0:00:05"]

1. c4 e6 2. g3 d5 3. Nf3 Nf6 4. Bg2 Be7 5. O-O O-O 6. b3 b6 7. Bb2 Bb7 8. e3 c5 9. Qe2 Nbd7 10. Nc3 dxc4 11. bxc4 Ne4 12. Nd1 Bf6 13. d3 Bxb2 14. Qxb2 Nd6 15. Nc3 Rb8 16. Ne1 Bxg2 17. Nxg2 Qe7 18. f4 Rfd8 19. g4 Rb7 20. a4 Nb8 21. Rad1 Nc6 22. Nb5 a6 23. Nxd6 Rxd6 24. f5 exf5 25. gxf5 Qe5 26. Qxe5 Nxe5 27. Nf4 Rbd7 28. Nd5 b5 29. axb5 axb5 30. e4 bxc4 31. dxc4 Nxc4 32. Rc1 Nd2 33. Rf4 h5 34. f6 Kf8 35. Re1 g5 36. Rf5 g4 37. Rxh5 Nf3+ 38. Kf2 Rxf6 39. Nxf6 Rd6 40. e5 Nxe5 41. Rhxe5 Rxf6+ 42. Kg3 Rf3+ 43. Kxg4 Rf2 44. R5e2 Rf6 45. h4 Rg6+ 46. Kh3 c4 47. h5 Rh6 48. Kh4 c3 49. Re8+ 1-0


[Site "https://www.chess.com"]

[Event "Titled Tuesday Blitz January 18 2022"]
[White "Piesik, Piotr"]
[Black "Harshavardhan G B"]
[WhiteFideId "1136194"]
[BlackFideId "25059009"]
[WhiteElo "2232"]
[BlackElo "1831"]
[Result "1/2-1/2"]
[Round "04"]
[TimeControl "180+1"]
[Date "2022.01.18"]
[WhiteClock "0:00:18"]
[BlackClock "0:00:14"]

1. Nf3 Nf6 2. g3 g6 3. Bg2 Bg7 4. O-O O-O 5. d4 d6 6. Nbd2 Nbd7 7. e4 e5 8. dxe5 dxe5 9. Qe2 Qe7 10. b3 b6 11. a4 a5 12. Rd1 Ba6 13. Qe1 Rfd8 14. Bb2 Ne8 15. Bf1 Bxf1 16. Kxf1 Nd6 17. Qe2 Nc5 18. Ne1 f5 19. exf5 gxf5 20. Nc4 e4 21. Bxg7 Kxg7 22. Ng2 Ne6 23. Nxd6 Rxd6 24. Rxd6 cxd6 25. Qe3 Qc7 26. Nf4 Nxf4 27. Qxf4 Kg6 28. Rd1 Rd8 29. Rd5 Qf7 30. Rxd6+ Rxd6 31. Qxd6+ Kh5 32. Qxb6 Qd5 33. Qe3 Kg6 34. Kg2 Qd1 35. c4 h6 36. h3 Qc2 37. g4 fxg4 38. hxg4 Kg7 39. Kg3 Qd1 40. Kf4 Qc2 41. c5 Kf7 42. Kg3 Kg7 43. Qd4+ Kg6 44. Qd6+ Kg5 45. Qd5+ Kg6 46. c6 Qc3+ 47. Kh2 Qc2 48. Kg2 Kg7 49. Qe5+ Kf7 50. c7 e3 51. Qxe3 Qxc7 52. Qxh6 Qb7+ 53. Kh2 Qxb3 54. Qf4+ Kg7 55. g5 Qb4 56. Qf6+ Kg8 57. g6 Qb8+ 58. Kh3 Qh2+ 59. Kg4 Qg2+ 60. Kh5 Qg4+ 61. Kh6 Qh5+ 62. Kxh5 1/2-1/2


[Site "https://www.chess.com"]

[Event "Titled Tuesday Blitz January 18 2022"]
[White "Plotkin, Mark"]
[Black "Sadhwani, Raunak"]
[WhiteFideId "2611651"]
[BlackFideId "35093487"]
[WhiteElo "2178"]
[BlackElo "2616"]
[Result "0-1"]
[Round "04"]
[TimeControl "180+1"]
[Date "2022.01.18"]
[WhiteClock "0:01:32"]
[BlackClock "0:00:53"]

1. e4 e5 2. f4 exf4 3. Nf3 Nf6 4. e5 Nh5 5. d4 g6 6. Nc3 Bg7 7. Bd3 O-O 8. g4 fxg3 9. hxg3 d6 10. Rxh5 gxh5 11. Ng5 Bg4 12. Bxh7+ Kh8 13. Qd3 dxe5 14. d5 f5 15. Ne6 Qe8 16. Nxc7 Qf7 17. Nxa8 Na6 18. Bg5 Kxh7 19. d6 Rxa8 20. d7 Bf6 21. Bxf6 Qxf6 22. Qd5 Rd8 23. Qxb7 Qb6 24. Qxa6 0-1


[Site "https://www.chess.com"]

[Event "Titled Tuesday Blitz January 18 2022"]
[White "Potapova, Margarita"]
[Black "Vignesh, N R"]
[WhiteFideId "14126869"]
[BlackFideId "25012215"]
[WhiteElo "2209"]
[BlackElo "2395"]
[Result "0-1"]
[Round "04"]
[TimeControl "180+1"]
[Date "2022.01.18"]
[WhiteClock "0:00:02"]
[BlackClock "0:00:29"]

1. e4 c6 2. Nf3 d5 3. d3 g6 4. e5 Bg4 5. Be2 Bg7 6. d4 e6 7. O-O Nd7 8. Ng5 Bxe2 9. Qxe2 h6 10. Nf3 Ne7 11. h4 c5 12. c3 a6 13. Be3 Rc8 14. Nbd2 Nf5 15. h5 g5 16. g4 cxd4 17. gxf5 dxe3 18. Qxe3 g4 19. Nd4 Bxe5 20. fxe6 fxe6 21. Nxe6 Qh4 22. Rfe1 Qh2+ 23. Kf1 Rc6 24. Nd4 Rf6 25. Ke2 O-O 26. Rh1 Qxf2+ 27. Qxf2 Rxf2+ 28. Kd3 Nc5+ 29. Kc2 Ne4 30. Rad1 Bf4 31. Ne6 Bxd2 32. Nxf8 Kxf8 33. Rhf1 Rxf1 34. Rxf1+ Ke7 35. Kd3 Bg5 36. Rg1 g3 37. c4 Nc5+ 38. Kd4 Ne6+ 39. Kxd5 g2 40. Ke4 Nf4 41. b4 Kd6 42. c5+ Kc6 43. a4 a5 44. bxa5 Kxc5 45. Rc1+ Kb4 46. Rg1 Kxa5 47. Kf3 Kxa4 48. Rb1 b5 49. Ra1+ Kb4 50. Rb1+ Ka5 51. Ra1+ Kb6 52. Rb1 Nxh5 53. Kxg2 Nf4+ 54. Kf3 Nd5 55. Kg4 b4 56. Kh5 Kc5 57. Rd1 b3 58. Rb1 Kc4 59. Re1 b2 60. Rg1 Nc3 61. Rg4+ Kb3 62. Rg3 b1=Q 63. Rh3 Qd1+ 64. Kg6 Qd6+ 65. Kh5 Qd1+ 66. Kg6 Kc4 67. Rg3 Ne4 68. Rg4 Qxg4 0-1


[Site "https://www.chess.com"]

[Event "Titled Tuesday Blitz January 18 2022"]
[White "Pranav, V"]
[Black "Iskusnyh, Sergei"]
[WhiteFideId "25060783"]
[BlackFideId "4120027"]
[WhiteElo "2349"]
[BlackElo "2492"]
[Result "0-1"]
[Round "04"]
[TimeControl "180+1"]
[Date "2022.01.18"]
[WhiteClock "0:00:03"]
[BlackClock "0:00:17"]

1. e4 e6 2. d4 d5 3. Nc3 Nf6 4. e5 Nfd7 5. f4 c5 6. Nf3 Be7 7. Be3 O-O 8. Qd2 a6 9. O-O-O b5 10. dxc5 Nxc5 11. Kb1 Nbd7 12. h4 Qc7 13. Bd3 b4 14. Ne2 Ne4 15. Bxe4 dxe4 16. Ng5 Nb6 17. Qd4 Nd5 18. Qxe4 g6 19. h5 Bb7 20. hxg6 Nc3+ 21. Nxc3 Bxe4 22. gxf7+ Rxf7 23. Ncxe4 Bxg5 24. Nxg5 Re7 25. Ne4 Rc8 26. Nf6+ Kh8 27. Rd2 a5 28. g4 Qb7 29. Rdh2 Rcc7 30. g5 Rg7 31. Ne8 a4 32. Nxc7 Qxc7 33. Rh6 b3 34. cxb3 axb3 35. a3 Qc2+ 36. Ka1 Rd7 37. Rc1 Rd1 38. Rh1 Rxh1 39. Rxh1 Qe4 40. Re1 Kg7 41. Bd2 Qd3 42. Bc3 Kg6 43. a4 Qc4 44. a5 Qxf4 45. Kb1 Qf5+ 46. Ka1 Qf4 47. Kb1 Qxg5 48. a6 Qf5+ 49. Ka1 Qd3 50. Rg1+ Kf5 51. a7 Qa6+ 52. Kb1 Qxa7 53. Rh1 Qa6 54. Kc1 Qd3 55. Rh2 Qf1+ 56. Kd2 Qf4+ 0-1


[Site "https://www.chess.com"]

[Event "Titled Tuesday Blitz January 18 2022"]
[White "Prraneeth Vuppala"]
[Black "Sychev, Klementy"]
[WhiteFideId "46622373"]
[BlackFideId "4114060"]
[WhiteElo "1759"]
[BlackElo "2564"]
[Result "0-1"]
[Round "04"]
[TimeControl "180+1"]
[Date "2022.01.18"]
[WhiteClock "0:00:19"]
[BlackClock "0:01:24"]

1. e4 g6 2. d4 Bg7 3. Nc3 c6 4. Be3 d5 5. e5 Nh6 6. Qd2 Nf5 7. Bf4 f6 8. Nf3 g5 9. exf6 exf6 10. Bxb8 Rxb8 11. h3 O-O 12. O-O-O b5 13. Bd3 Nd6 14. g4 Qa5 15. Kb1 Nc4 16. Bxc4 bxc4 17. Ne2 Qa3 18. c3 Rf7 19. Ka1 Qa5 20. Rb1 Rfb7 21. Nc1 Be6 22. Qc2 Bf7 23. b4 Qc7 24. Rb2 Bg6 25. Qd1 a5 26. a3 axb4 27. axb4 Ra7+ 28. Na2 Rba8 29. Re1 h6 30. Nd2 Bf8 31. Re2 Bxb4 32. cxb4 c3 33. Nb3 cxb2+ 34. Rxb2 Ra3 35. Nc5 Qa7 36. Qe2 Re8 37. Qd2 Rxh3 38. b5 Rh1+ 0-1


[Site "https://www.chess.com"]

[Event "Titled Tuesday Blitz January 18 2022"]
[White "Przybylski, Wojciech"]
[Black "Halkias, Stelios"]
[WhiteFideId "1117599"]
[BlackFideId "4201809"]
[WhiteElo "2133"]
[BlackElo "2453"]
[Result "1/2-1/2"]
[Round "04"]
[TimeControl "180+1"]
[Date "2022.01.18"]
[WhiteClock "0:00:02"]
[BlackClock "0:00:16"]

1. e4 c5 2. Nf3 d6 3. Bb5+ Nd7 4. Ba4 Nf6 5. Nc3 a6 6. Bb3 e6 7. O-O b5 8. d3 Be7 9. a4 Rb8 10. Bf4 Qc7 11. Qe2 Ne5 12. axb5 axb5 13. Nxe5 dxe5 14. Bg3 h5 15. h3 h4 16. Bh2 Nh5 17. d4 cxd4 18. Nxb5 Qc5 19. Na3 Nf4 20. Bxf4 exf4 21. Ba4+ Kf8 22. Bb3 e5 23. Qc4 Qxc4 24. Nxc4 f6 25. Na5 Bd7 26. Rfb1 f3 27. Bd5 fxg2 28. Kxg2 Rc8 29. Nc4 Rb8 30. Ra7 Bb5 31. b3 g6 32. Rba1 Rh7 33. Ra8 Rxa8 34. Rxa8+ Kg7 35. Rg8+ Kh6 36. Rb8 Bxc4 37. Bxc4 Kg5 38. Rg8 Bb4 39. Be6 Bc3 40. Bf5 Rh6 41. Kf3 Bd2 42. Be6 Rh7 43. Bf5 Rh6 44. Be6 Bc3 45. Bf5 Bd2 1/2-1/2


[Site "https://www.chess.com"]

[Event "Titled Tuesday Blitz January 18 2022"]
[White "Pultinevicius, Paulius"]
[Black "Chigaev, Maksim"]
[WhiteFideId "12809390"]
[BlackFideId "4108116"]
[WhiteElo "2413"]
[BlackElo "2502"]
[Result "0-1"]
[Round "04"]
[TimeControl "180+1"]
[Date "2022.01.18"]
[WhiteClock "0:00:10"]
[BlackClock "0:00:39"]

1. d4 Nf6 2. c4 g6 3. Nc3 Bg7 4. e4 d6 5. Nf3 O-O 6. Be2 e5 7. O-O exd4 8. Nxd4 Re8 9. f3 c6 10. Kh1 d5 11. exd5 cxd5 12. Bg5 Nc6 13. Ndb5 a6 14. Na3 dxc4 15. Nxc4 Be6 16. Nd6 Re7 17. Nce4 Rd7 18. Qd3 h6 19. Bxf6 Bxf6 20. Nxf6+ Qxf6 21. Rad1 Qxb2 22. Rd2 Qb4 23. a3 Qf4 24. Rfd1 Rad8 25. g3 Qe5 26. f4 Qc5 27. Bf3 Rxd6 28. Qxd6 Rxd6 29. Rxd6 Qxa3 0-1


[Site "https://www.chess.com"]

[Event "Titled Tuesday Blitz January 18 2022"]
[White "Reprintsev, Alexander"]
[Black "Azadaliyev, Jahandar"]
[WhiteFideId "14100541"]
[BlackFideId "13425811"]
[WhiteElo "2126"]
[BlackElo "1795"]
[Result "1-0"]
[Round "04"]
[TimeControl "180+1"]
[Date "2022.01.18"]
[WhiteClock "0:00:14"]
[BlackClock "0:00:37"]

1. e4 c6 2. b3 d5 3. Qe2 Nd7 4. Bb2 e6 5. Nf3 dxe4 6. Qxe4 Ngf6 7. Qh4 Be7 8. Nc3 b6 9. Bd3 Bb7 10. a4 c5 11. O-O-O Ne4 12. Nxe4 Bxh4 13. Nd6+ Ke7 14. Nxb7 Qc7 15. Nxh4 Qxb7 16. Bxg7 Rhg8 17. Bc3 Rad8 18. Rhe1 Rg4 19. g3 Rxh4 20. gxh4 Nf6 21. Be5 Ng4 22. Bg3 h5 23. h3 Nf6 24. Bf4 Qd5 25. Bg5 Qd4 26. Kb1 Ke8 27. Bb5+ Ke7 28. Re3 c4 29. Rf3 Qd5 30. Bxf6+ Kd6 31. Rc3 Rc8 32. Bxc4 Qf5 33. Bg5 Rc5 34. Be3 Rc7 35. Kb2 Ke7 36. Rg1 Rd7 37. Rg5 Qe4 38. Rxh5 Rc7 39. Bg5+ f6 40. Bd3 Qd4 41. Rh7+ Kf8 42. Rxc7 fxg5 43. hxg5 Qe5 44. Rxa7 1-0


[Site "https://www.chess.com"]

[Event "Titled Tuesday Blitz January 18 2022"]
[White "Rustemov, Alexander"]
[Black "Gubajdullin, Alexei"]
[WhiteFideId "4119002"]
[BlackFideId "4141202"]
[WhiteElo "2892"]
[BlackElo "2268"]
[Result "1-0"]
[Round "04"]
[TimeControl "180+1"]
[Date "2022.01.18"]
[WhiteClock "0:00:36"]
[BlackClock "0:00:02"]

1. d4 Nf6 2. c4 g6 3. Nf3 Bg7 4. g3 O-O 5. Bg2 d6 6. O-O Nbd7 7. Nc3 e5 8. e4 c6 9. h3 Qb6 10. d5 Nc5 11. Qe2 cxd5 12. cxd5 Bd7 13. Be3 a5 14. Rab1 a4 15. Nd2 Qb4 16. Nc4 Bb5 17. Nxb5 Qxb5 18. f3 Ra6 19. Rfc1 Nfd7 20. b4 axb3 21. axb3 f5 22. Qc2 fxe4 23. fxe4 Rfa8 24. Bf1 Ra2 25. Rb2 Rxb2 26. Qxb2 Qxb3 27. Qxb3 Nxb3 28. Rb1 Nd4 29. Nxd6 Ra2 30. Bc4 Rc2 31. Rxb7 Nf8 32. Kf1 h5 33. g4 hxg4 34. hxg4 Nf3 35. g5 Rc3 36. Ke2 Nd4+ 37. Kd2 Ra3 38. Bxd4 exd4 39. Nf7 Ra4 40. Bb3 1-0


[Site "https://www.chess.com"]

[Event "Titled Tuesday Blitz January 18 2022"]
[White "Sarana, Alexey"]
[Black "Samadov, Read"]
[WhiteFideId "24133795"]
[BlackFideId "13417444"]
[WhiteElo "2665"]
[BlackElo "2084"]
[Result "1-0"]
[Round "04"]
[TimeControl "180+1"]
[Date "2022.01.18"]
[WhiteClock "0:00:10"]
[BlackClock "0:00:03"]

1. d4 Nf6 2. c4 e6 3. Nc3 Bb4 4. e3 O-O 5. Bd3 d5 6. a3 Bxc3+ 7. bxc3 dxc4 8. Bxc4 c5 9. Ne2 Nc6 10. Ng3 Qc7 11. O-O Rd8 12. Ba2 e5 13. d5 c4 14. e4 Ne7 15. Bg5 Bg4 16. Qa4 Bd7 17. Qb4 Ng6 18. Bxf6 gxf6 19. Nh5 f5 20. d6 Qb6 21. Bxc4 fxe4 22. Bd5 Bc6 23. Bxc6 Qxc6 24. Rad1 a5 25. Qxe4 Rxd6 26. Rxd6 Qxd6 27. Qxb7 Rb8 28. Qa7 Rb3 29. Qa8+ Nf8 30. Qf3 Rxa3 31. Nf6+ Kh8 32. Rd1 Qe6 33. h4 Ra4 34. Rd8 Rf4 35. Nh5 Qe7 36. Qa8 Kg8 37. Nxf4 exf4 38. Re8 Qc5 39. Qc8 Qd6 40. Qg4+ Kh8 41. Qc8 Kg8 42. c4 a4 43. c5 Qh6 44. c6 a3 45. c7 a2 46. Rxf8+ Kg7 47. Rg8+ Kf6 48. Qa6+ 1-0


[Site "https://www.chess.com"]

[Event "Titled Tuesday Blitz January 18 2022"]
[White "Savchenko, Boris"]
[Black "Goryachkina, Aleksandra"]
[WhiteFideId "4147332"]
[BlackFideId "4147103"]
[WhiteElo "2512"]
[BlackElo "2426"]
[Result "1/2-1/2"]
[Round "04"]
[TimeControl "180+1"]
[Date "2022.01.18"]
[WhiteClock "0:00:05"]
[BlackClock "0:00:06"]

1. e3 d5 2. Nf3 Nf6 3. b3 Bf5 4. Nh4 Bg4 5. f3 Bd7 6. f4 c5 7. c4 Nc6 8. Nf3 d4 9. exd4 cxd4 10. Ba3 Bf5 11. Nh4 g6 12. Nxf5 gxf5 13. Bd3 e6 14. O-O Rg8 15. Qf3 Bxa3 16. Nxa3 Qe7 17. Nc2 Kf8 18. Rae1 Qd6 19. b4 Nxb4 20. Qxb7 Nxd3 21. Qxa8+ Kg7 22. Qxa7 Nxe1 23. Nxe1 Rc8 24. d3 Rc7 25. Qa5 Ng4 26. h3 Ne3 27. Rf2 Rb7 28. Qe5+ Qxe5 29. fxe5 Rb1 30. Re2 Ra1 31. Kf2 Nd1+ 32. Kf1 Ne3+ 33. Kg1 Kf8 34. g3 Ke7 35. Kh2 Nd1 36. Nf3 Nc3 37. Rb2 Rxa2 38. Rxa2 Nxa2 39. Nxd4 Nb4 40. Nf3 Nxd3 41. g4 fxg4 42. hxg4 Nb2 43. c5 Nd3 44. c6 Nb4 45. c7 Kd7 46. Ng5 Kxc7 47. Kg3 Nd3 48. Nxf7 Kd7 49. Ng5 Nxe5 50. Nxh7 Nxg4 51. Nf8+ Ke7 52. Nxe6 1/2-1/2


[Site "https://www.chess.com"]

[Event "Titled Tuesday Blitz January 18 2022"]
[White "Saydaliev, Saidakbar"]
[Black "Tsvetkov, Andrey"]
[WhiteFideId "14203693"]
[BlackFideId "34139360"]
[WhiteElo "2279"]
[BlackElo "2280"]
[Result "0-1"]
[Round "04"]
[TimeControl "180+1"]
[Date "2022.01.18"]
[WhiteClock "0:00:06"]
[BlackClock "0:00:02"]

1. Nf3 d5 2. g3 c6 3. Bg2 Bg4 4. O-O Nd7 5. d4 e6 6. b3 Bd6 7. Bb2 Ngf6 8. c4 Ne4 9. Ne5 Nxe5 10. dxe5 Bc5 11. Qc2 Bf5 12. Qc1 dxc4 13. Bxe4 Bxe4 14. Qxc4 Qd5 15. Qxd5 exd5 16. Nd2 Bf5 17. Rac1 Bb6 18. Rfe1 O-O-O 19. Kg2 Rhe8 20. e3 Ba5 21. Red1 Bc7 22. f4 g5 23. Nf3 gxf4 24. exf4 f6 25. Kf2 fxe5 26. Bxe5 Ba5 27. Bc3 Bc7 28. Be5 Bb6+ 29. Bd4 Kc7 30. Bxb6+ axb6 31. Ne5 Be4 32. Rd2 Ra8 33. Ke3 Ra3 34. Rf1 Rea8 35. Rff2 Bb1 36. f5 Bxa2 37. f6 Bxb3 38. Kf4 Kd6 39. f7 Ke7 40. Rde2 R3a4+ 41. Kg5 Re4 42. Rxe4 dxe4 43. Kh6 e3 44. Rf3 e2 45. Re3 Bxf7 46. Nxc6+ Kf6 47. Nd4 Ra5 48. g4 Bc4 49. Nxe2 Ra2 50. g5+ Kf5 51. Ng3+ Kf4 52. Re4+ Kf3 53. Rh4 Bd3 54. Kg7 Ra5 55. Kh6 b5 56. Nh5 Bg6 57. Nf6 b4 58. Rh3+ Kg2 59. Rh4 Rb5 60. Nxh7 Bxh7 61. Kxh7 b3 62. g6 b2 63. g7 b1=Q+ 64. Kh8 Rg5 65. Rh7 b5 66. h4 Rg4 67. h5 b4 68. h6 b3 69. g8=Q Rxg8+ 70. Kxg8 b2 71. Rg7+ Kf2 72. h7 Qa2+ 73. Kh8 b1=Q 74. Rg2+ Kxg2 0-1


[Site "https://www.chess.com"]